2450 views
Uploaded 2021-02-22 09:26:02
Game version 1.32.9
45:58 long 1on1 ladder game on (2)Amazonia
Saved by xzz
2450 views
Uploaded 2021-02-22 09:26:02
Game version 1.32.9
45:58 long 1on1 ladder game on (2)Amazonia

56 units @ 8.2k
/ 2k
68 buildings @ 4.5k
/ 2.3k

| Scroll of Regeneration | 8 | 800 |
| Lesser Clarity Potion | 7 | 490 |
| Potion of Healing | 3 | 450 |
| Mechanical Critter | 2 | 100 |
| Scroll of Town Portal | 4 | 1400 |
| Potion of Invisibility | 6 | 600 |
| Staff of Teleportation | 1 | 150 |
| Potion of Lesser Invulnerability | 3 | 450 |
| Boots of Speed | 1 | 250 |
| total: | 35 | 4690g |
| Peasant | 17 | 1275 | / | 0 |
| Footman | 4 | 540 | / | 0 |
| Mortar Team | 13 | 2340 | / | 910 |
| Flying Machine | 6 | 600 | / | 180 |
| Sorceress | 6 | 930 | / | 120 |
| Siege Engine | 5 | 975 | / | 300 |
| Goblin Shredder | 3 | 1125 | / | 300 |
| Goblin Sapper | 2 | 430 | / | 200 |
| total: | 56 | 8215g | / | 2010w |
| Scout Tower | 41 | 1230 | / | 820 |
| Arcane Tower | 15 | 1050 | / | 750 |
| Guard Tower | 12 | 840 | / | 600 |
| Altar of Kings | 1 | 180 | / | 50 |
| Farm | 14 | 1120 | / | 280 |
| Barracks | 1 | 160 | / | 60 |
| Lumber Mill | 1 | 120 | / | 0 |
| Arcane Vault | 1 | 130 | / | 30 |
| Blacksmith | 3 | 420 | / | 180 |
| Town Hall | 1 | 385 | / | 205 |
| Cannon Tower | 10 | 1200 | / | 1000 |
| Workshop | 4 | 560 | / | 560 |
| Arcane Sanctum | 1 | 150 | / | 140 |
| Keep | 1 | 320 | / | 210 |
| Castle | 1 | 360 | / | 210 |
| total: | 68 | 4455g | / | 2325w |
| 0:06 | Peasant |
| 0:06 | Peasant |
| 0:06 | Peasant |
| 0:10 | Altar of Kings |
| 0:11 | Farm |
| 0:14 | Farm |
| 0:38 | Peasant |
| 0:47 | Peasant |
| 0:56 | Barracks |
| 1:00 | Peasant |
| 1:16 | Farm |
| 1:20 | Peasant |
| 1:26 | Lumber Mill |
| 1:34 | Arcane Vault |
| 1:37 | Peasant |
| 1:45 | Peasant |
| 1:58 | Footman |
| 2:07 | Farm |
| 2:13 | Flame Strike |
| 2:18 | Peasant |
| 2:24 | Footman |
| 2:32 | Scout Tower |
| 3:18 | Footman |
| 3:19 | Footman |
| 3:23 | Peasant |
| 3:23 | Peasant |
| 3:45 | Scroll of Regeneration |
| 3:52 | Keep |
| 4:18 | Siphon Mana |
| 4:24 | Lesser Clarity Potion |
| 4:24 | Lesser Clarity Potion |
| 4:40 | Arcane Tower |
| 5:02 | Scout Tower |
| 5:58 | Scout Tower |
| 5:59 | Scout Tower |
| 5:59 | Scout Tower |
| 6:00 | Scout Tower |
| 6:08 | Scout Tower |
| 6:11 | Arcane Tower |
| 6:15 | Blacksmith |
| 6:17 | Peasant |
| 6:18 | Peasant |
| 6:23 | Farm |
| 6:28 | Arcane Tower |
| 6:29 | Guard Tower |
| 6:30 | Guard Tower |
| 6:31 | Arcane Tower |
| 6:33 | Guard Tower |
| 6:36 | Arcane Tower |
| 7:00 | Town Hall |
| 7:04 | Scout Tower |
| 7:05 | Scout Tower |
| 7:07 | Scout Tower |
| 7:17 | Scout Tower |
| 7:20 | Scout Tower |
| 7:24 | Scout Tower |
| 7:31 | Workshop |
| 7:36 | Guard Tower |
| 8:08 | Potion of Invisibility |
| 8:13 | Flame Strike |
| 8:17 | Staff of Teleportation |
| 8:34 | Mortar Team |
| 8:52 | Guard Tower |
| 9:00 | Guard Tower |
| 9:06 | Guard Tower |
| 9:11 | Goblin Shredder |
| 9:25 | Blacksmith |
| 9:51 | Scout Tower |
| 9:53 | Scout Tower |
| 9:53 | Scout Tower |
| 10:03 | Scout Tower |
| 10:04 | Scout Tower |
| 10:04 | Scout Tower |
| 10:06 | Scout Tower |
| 10:07 | Scout Tower |
| 10:08 | Scout Tower |
| 10:09 | Scout Tower |
| 10:09 | Scout Tower |
| 10:18 | Guard Tower |
| 10:20 | Mortar Team |
| 10:24 | Peasant |
| 10:25 | Peasant |
| 10:26 | Peasant |
| 10:29 | Improved Masonry |
| 10:46 | Arcane Tower |
| 10:47 | Arcane Tower |
| 10:49 | Arcane Tower |
| 10:53 | Lesser Clarity Potion |
| 10:53 | Lesser Clarity Potion |
| 10:55 | Potion of Healing |
| 11:07 | Potion of Invisibility |
| 11:08 | Potion of Lesser Invulnerability |
| 11:17 | Mortar Team |
| 11:20 | Arcane Tower |
| 11:37 | Scout Tower |
| 11:38 | Scout Tower |
| 11:43 | Scout Tower |
| 11:44 | Scout Tower |
| 11:45 | Scout Tower |
| 11:48 | Arcane Tower |
| 11:54 | Scout Tower |
| 11:54 | Scout Tower |
| 11:55 | Scout Tower |
| 11:55 | Scout Tower |
| 11:56 | Scout Tower |
| 12:33 | Cannon Tower |
| 12:45 | Cannon Tower |
| 12:53 | Blacksmith |
| 13:01 | Cannon Tower |
| 13:12 | Mortar Team |
| 13:17 | Cannon Tower |
| 13:31 | Scroll of Regeneration |
| 13:31 | Lesser Clarity Potion |
| 13:34 | Lesser Clarity Potion |
| 13:37 | Mechanical Critter |
| 13:39 | Mechanical Critter |
| 13:52 | Boots of Speed |
| 13:53 | Potion of Invisibility |
| 13:56 | Potion of Lesser Invulnerability |
| 14:02 | Cannon Tower |
| 14:04 | Cannon Tower |
| 14:13 | Cannon Tower |
| 14:34 | Workshop |
| 14:35 | Flak Cannons |
| 14:43 | Goblin Shredder |
| 14:51 | Workshop |
| 15:12 | Farm |
| 15:18 | Flare |
| 15:48 | Mortar Team |
| 15:55 | Potion of Invisibility |
| 15:57 | Potion of Lesser Invulnerability |
| 16:07 | Cannon Tower |
| 16:13 | Cannon Tower |
| 16:16 | Guard Tower |
| 16:34 | Flying Machine |
| 16:35 | Castle |
| 16:37 | Black Gunpowder |
| 16:43 | Guard Tower |
| 16:49 | Scout Tower |
| 16:50 | Scout Tower |
| 16:55 | Flying Machine |
| 16:58 | Arcane Sanctum |
| 17:03 | Farm |
| 17:05 | Farm |
| 17:08 | Potion of Healing |
| 17:10 | Scroll of Regeneration |
| 17:15 | Scroll of Town Portal |
| 17:20 | Arcane Tower |
| 17:26 | Potion of Invisibility |
| 17:47 | Flying Machine |
| 18:00 | Workshop |
| 18:06 | Guard Tower |
| 18:46 | Scroll of Regeneration |
| 18:46 | Lesser Clarity Potion |
| 18:48 | Scroll of Town Portal |
| 18:51 | Mortar Team |
| 19:06 | Advanced Masonry |
| 19:09 | Fragmentation Shards |
| 19:11 | Arcane Tower |
| 19:14 | Mortar Team |
| 19:32 | Sorceress Adept Training |
| 19:32 | Sorceress |
| 19:33 | Sorceress |
| 19:44 | Farm |
| 19:47 | Farm |
| 19:50 | Refined Gunpowder |
| 20:54 | Sorceress |
| 20:54 | Sorceress |
| 20:58 | Mortar Team |
| 21:06 | Imbued Gunpowder |
| 21:23 | Imbued Masonry |
| 21:33 | Sorceress Master Training |
| 21:47 | Mortar Team |
| 21:59 | Studded Leather Armor |
| 22:28 | Mortar Team |
| 22:37 | Arcane Tower |
| 22:41 | Scout Tower |
| 22:57 | Magic Sentry |
| 23:38 | Reinforced Leather Armor |
| 23:40 | Iron Plating |
| 24:21 | Scroll of Regeneration |
| 24:24 | Goblin Shredder |
| 24:34 | Banish |
| 24:44 | Mortar Team |
| 24:58 | Scroll of Town Portal |
| 24:59 | Scroll of Regeneration |
| 25:17 | Flying Machine |
| 25:18 | Flying Machine |
| 25:18 | Flying Machine |
| 25:23 | Potion of Healing |
| 25:38 | Summon Phoenix |
| 25:39 | Flame Strike |
| 25:56 | Flying Machine Bombs |
| 26:07 | Scroll of Regeneration |
| 26:16 | Scout Tower |
| 26:24 | Sorceress |
| 26:24 | Sorceress |
| 27:39 | Goblin Sapper |
| 28:16 | Arcane Tower |
| 28:25 | Scout Tower |
| 28:27 | Scout Tower |
| 29:09 | Cannon Tower |
| 29:16 | Scout Tower |
| 29:37 | Mortar Team |
| 30:12 | Scroll of Regeneration |
| 30:23 | Dragonhide Armor |
| 30:30 | Mortar Team |
| 31:00 | Arcane Tower |
| 31:05 | Guard Tower |
| 32:06 | Steel Plating |
| 32:48 | Goblin Sapper |
| 34:19 | Mithril Plating |
| 35:42 | Farm |
| 36:02 | Farm |
| 36:15 | Barrage |
| 36:46 | Scroll of Town Portal |
| 37:07 | Potion of Invisibility |
| 37:25 | Siege Engine |
| 37:41 | Farm |
| 37:44 | Farm |
| 38:22 | Siege Engine |
| 39:24 | Siege Engine |
| 40:31 | Siege Engine |
| 41:38 | Siege Engine |
| Right click | 1142 |
| Select | 729 |
| Build/train/purchase | 201 |
| Select group | 115 |
| Use ability | 62 |
| Assign group | 31 |
| Misc. action | 30 |
| Esc | 10 |
| Chat | 9 |
| Remove unit | 5 |
| Item give/drop | 1 |
57 units @ 6.7k
/ 1k
27 buildings @ 4.6k
/ 2.3k

| Lesser Clarity Potion | 4 | 280 |
| Orb of Venom | 1 | 325 |
| Dust of Appearance | 1 | 75 |
| Staff of Teleportation | 1 | 150 |
| Boots of Speed | 1 | 250 |
| Potion of Lesser Invulnerability | 2 | 300 |
| total: | 10 | 1380g |
| Wisp | 38 | 2280 | / | 0 |
| Archer | 6 | 780 | / | 60 |
| Dryad | 4 | 580 | / | 240 |
| Mountain Giant | 3 | 1050 | / | 300 |
| Chimaera | 6 | 1980 | / | 420 |
| total: | 57 | 6670g | / | 1020w |
| Ancient Protector | 9 | 1215 | / | 720 |
| Altar of Elders | 1 | 180 | / | 50 |
| Moon Well | 8 | 1440 | / | 320 |
| Ancient of War | 1 | 150 | / | 60 |
| Ancient of Wonders | 1 | 90 | / | 30 |
| Hunter's Hall | 1 | 210 | / | 100 |
| Tree of Life | 2 | 680 | / | 370 |
| Ancient of Lore | 2 | 310 | / | 290 |
| Chimaera Roost | 2 | 280 | / | 380 |
| Tree of Ages | 1 | 320 | / | 180 |
| Tree of Eternity | 1 | 330 | / | 200 |
| total: | 27 | 4555g | / | 2320w |
| 0:02 | Wisp |
| 0:02 | Wisp |
| 0:08 | Altar of Elders |
| 0:11 | Moon Well |
| 0:29 | Ancient of War |
| 0:38 | Wisp |
| 0:38 | Wisp |
| 0:53 | Wisp |
| 1:02 | Wisp |
| 1:23 | Wisp |
| 1:29 | Archer |
| 1:34 | Wisp |
| 1:39 | Moon Well |
| 2:09 | Fan of Knives |
| 2:18 | Wisp |
| 2:22 | Ancient of Wonders |
| 2:47 | Wisp |
| 3:24 | Moon Well |
| 3:26 | Wisp |
| 3:27 | Wisp |
| 3:27 | Wisp |
| 3:32 | Archer |
| 3:32 | Archer |
| 3:48 | Hunter's Hall |
| 3:53 | Blink |
| 4:07 | Lesser Clarity Potion |
| 4:14 | Tree of Ages |
| 4:20 | Archer |
| 4:58 | Archer |
| 5:02 | Ancient Protector |
| 5:06 | Ancient Protector |
| 5:39 | Moon Well |
| 6:19 | Archer |
| 6:46 | Ancient of Lore |
| 6:53 | Wisp |
| 6:53 | Wisp |
| 6:53 | Wisp |
| 6:53 | Wisp |
| 7:02 | Blink |
| 7:32 | Staff of Teleportation |
| 7:38 | Ancient of Lore |
| 8:03 | Wisp |
| 8:03 | Wisp |
| 8:03 | Wisp |
| 8:23 | Fan of Knives |
| 8:39 | Dryad |
| 8:39 | Dryad |
| 8:45 | Tree of Eternity |
| 8:51 | Abolish Magic |
| 8:52 | Dryad |
| 9:44 | Mountain Giant |
| 9:54 | Moon Well |
| 9:57 | Moon Well |
| 10:08 | Lesser Clarity Potion |
| 10:28 | Mountain Giant |
| 10:44 | Moon Well |
| 11:07 | Hardened Skin |
| 11:07 | Resistant Skin |
| 11:14 | Chimaera Roost |
| 11:18 | Fan of Knives |
| 11:43 | Mountain Giant |
| 11:45 | Dryad |
| 11:49 | Boots of Speed |
| 11:50 | Potion of Lesser Invulnerability |
| 12:40 | Chimaera Roost |
| 13:19 | Wisp |
| 13:19 | Wisp |
| 13:19 | Wisp |
| 13:19 | Wisp |
| 13:24 | Well Spring |
| 13:27 | Lesser Clarity Potion |
| 13:37 | Ancient Protector |
| 13:55 | Potion of Lesser Invulnerability |
| 14:39 | Tree of Life |
| 15:20 | Corrosive Breath |
| 15:33 | Ancient Protector |
| 16:01 | Dust of Appearance |
| 16:15 | Chimaera |
| 16:17 | Chimaera |
| 16:20 | Ancient Protector |
| 16:35 | Lesser Clarity Potion |
| 17:05 | Wisp |
| 17:05 | Wisp |
| 17:05 | Wisp |
| 17:05 | Wisp |
| 17:05 | Wisp |
| 17:48 | Ancient Protector |
| 17:49 | Ancient Protector |
| 17:52 | Wisp |
| 17:53 | Wisp |
| 18:47 | Chimaera |
| 18:49 | Wisp |
| 18:49 | Wisp |
| 18:49 | Wisp |
| 18:49 | Wisp |
| 19:27 | Ancient Protector |
| 19:28 | Ancient Protector |
| 19:55 | Wisp |
| 19:55 | Wisp |
| 19:55 | Wisp |
| 20:01 | Moon Well |
| 20:10 | Chimaera |
| 21:34 | Chimaera |
| 21:35 | Chimaera |
| 22:02 | Orb of Venom |
| 22:19 | Reinforced Hides |
| 22:20 | Strength of the Moon |
| 22:21 | Strength of the Wild |
| 24:23 | Tree of Life |
| Right click | 952 |
| Select group | 501 |
| Select | 359 |
| Build/train/purchase | 127 |
| Use ability | 34 |
| Assign group | 30 |
| Item give/drop | 11 |
| Chat | 8 |
| Remove unit | 3 |
| Esc | 3 |
| Misc. action | 2 |